 Dungeon Crawl Stone Soup version 0.23.2-1-ga50397a (webtiles) character file.

Game seed: 3931044898736086263

8621 Borgoz the Fighter (level 11, -2/72 HPs)
             Began as a Gargoyle Berserker on May 26, 2019.
             Was a High Priest of Trog.
             Splashed by Maurice's acid (8 damage)
             ... on level 9 of the Dungeon.
             The game lasted 00:16:57 (8183 turns).

Borgoz the Fighter (Gargoyle Berserker)             Turns: 8183, Time: 00:16:58

Health: -2/72      AC: 11    Str: 22    XL:     11   Next: 33%
Magic:  0/14       EV: 18    Int:  8    God:    Trog [*****.]
Gold:   111        SH:  6    Dex: 11    Spells: 10/10 levels left

rFire    . . .     SeeInvis .   a - +0 great sword
rCold    . . .     Gourm    .   (shield currently unavailable)
rNeg     + . .     Faith    .   p - +0 troll leather armour
rPois    ∞         Spirit   +   (no helmet)
rElec    +         Reflect  +   y - scarf {Spirit}
rCorr    .         Harm     .   r - +2 pair of gloves
MR       ++...                  H - +1 pair of boots
Stlth    ..........             F - +6 amulet of reflection
HPRegen  1.62/turn              D - ring of attention (curse)
MPRegen  0.14/turn              v - +3 ring of evasion

@: corroded, regenerating
A: negative energy resistance 1, electricity resistance, unbreathing,
petrification resistance, rot immunity, AC +8
a: Berserk, Trog's Hand, Brothers in Arms, Renounce Religion


You were on level 9 of the Dungeon.
You worshipped Trog.
Trog was extremely pleased with you.
You were hungry.

You visited 2 branches of the dungeon, and saw 10 of its levels.
You also visited: Sewer.

You collected 510 gold pieces.
You spent 399 gold pieces at shops.

Inventory:

Hand Weapons
 a - a +0 great sword (weapon)
 b - a +2 rapier of flaming
Armour
 p - a +0 troll leather armour (worn)
 r - a +2 pair of gloves (worn)
 y - a scarf of spirit shield (worn)
 B - a +0 plate armour
 H - a +1 pair of boots (worn)
Jewellery
 u - a +1 ring of evasion
 v - a +3 ring of evasion (right hand)
 D - a cursed ring of attention (left hand)
 F - a +6 amulet of reflection (around neck)
Wands
 e - a wand of clouds (7)
 k - a wand of flame (7)
 n - a wand of random effects (32)
 x - a wand of enslavement (8)
 z - a wand of polymorph (34)
 I - a wand of digging (7)
 J - a wand of scattershot (7)
Scrolls
 g - 5 scrolls of teleportation
 o - 5 scrolls of remove curse
 t - 2 scrolls of fog
 C - 2 scrolls of magic mapping
 K - a scroll of identify
 M - 2 scrolls of enchant armour
Potions
 d - 2 potions of berserk rage
 f - a potion of haste
 h - 3 potions of heal wounds
 i - a potion of lignification
 j - 6 potions of might
 l - 2 potions of brilliance
 m - a potion of curing
 q - 3 potions of flight
 w - a potion of invisibility
 A - 2 potions of mutation
 E - a potion of resistance
 L - 2 potions of cancellation
Comestibles
 c - 12 rations
 N - 4 chunks of flesh


   Skills:
 + Level 9.7 Fighting
 + Level 8.1 Long Blades
 + Level 9.3 Armour
 + Level 7.1 Dodging
 + Level 4.7 Evocations


You had 10 spell levels left.
You didn't know any spells.
Your spell library was empty.

Dungeon Overview and Level Annotations

Branches:
Dungeon (9/15)             Temple (1/1) D:4
   Lair: D:8-11         Orc: D:9-12

Altars:
Ashenzari
Cheibriados
Dithmenos
Fedhas
Gozag
Hepliaklqana
Kikubaaqudgha
Makhleb
Nemelex Xobeh
Okawaru
Qazlal
Ru
Sif Muna
Trog
Uskayaw
Vehumet
Wu Jian
Xom
Yredelemnul
Zin
The Shining One

Shops:
D:8 ([*%

Annotations:
D:9 Maurice


Innate Abilities, Weirdness & Mutations

You are resistant to torment.
Your stone body is resilient. (AC +8)
You are immune to poison.
You resist negative energy. (rN+)
You are resistant to electric shocks. (rElec)
You can survive without breathing.
You are immune to petrification.
You are immune to rotting.


Message History

Maurice zaps a wand.
The bolt of acid misses you.
You slash Maurice!
Maurice is severely wounded.
Maurice drinks a potion.
Maurice is healed!
You miss Maurice.
Maurice zaps a wand.
The bolt of acid hits you!!
You are splashed with acid!
* * * LOW HITPOINT WARNING * * *
Maurice completely misses you.
You slash Maurice!
Maurice is lightly wounded.
Maurice zaps a wand.
The bolt of acid misses you.
Evoke which item? (* to show all) (? for menu, Esc to quit)
Aiming: Cloud Cone
Press: ? - help, Dir - move target cursor, f - Maurice
Aim: Maurice, wielding a +0 short sword, wearing a +0 cloak, wearing an uncursed ring of fire and carrying a wand of acid (7) (lightly wounded, covering ground quickly)
You create a blast of flame!
Maurice is engulfed in blazing flames.
Maurice zaps a wand.
The bolt of acid hits you!
* * * LOW HITPOINT WARNING * * *
The acid corrodes you!
You are splashed with acid!
You die...

#........#
##.......######
#............#
#...#..8..#..##
#...##..(##...#
#... ######...#
##. ##... #...#
#..8..#..##
.......@.#
##.#...@##
#....§§#
#...#.§§§
..###§§§§ .
#....# ##....
#....


You could see Maurice.

Vanquished Creatures
  2 two-headed ogres
  Psyche (D:8)
  A queen bee (D:9)
  A troll (D:8)
  Prince Ribbit (D:8)
  Sigmund (D:3)
  2 wyverns
  Eustachio (D:6)
  6 yaks (D:9)
  A wraith (D:9)
  6 ogres
  2 orc warriors
  A black bear (D:8)
  3 ice beasts
  2 phantoms
  2 centaurs
  7 big kobolds
  4 bullfrogs
  14 killer bees (D:9)
  2 scorpions (D:4)
  3 wights (D:7)
  4 howler monkeys
  3 bullfrog zombies
  8 crimson imps
  5 hounds
  A quasit (D:8)
  3 jellies
  2 bullfrog skeletons
  A centaur skeleton (D:8)
  5 orc priests
  5 iguanas
  8 worker ants
  9 orc wizards
  A hound skeleton (D:6)
  4 gnolls (D:2)
  9 adders
  2 river rats (D:3)
  3 oozes
  An adder skeleton (D:4)
  4 worms
  4 dart slugs
  6 leopard geckos
  37 orcs
  4 giant cockroaches
  4 hobgoblins
  16 jackals
  21 kobolds
  4 quokkas
  3 ball pythons
  A ball python skeleton (D:4)
  12 bats
  4 frilled lizards
  A giant cockroach zombie (D:5)
  5 goblins
  A leopard gecko zombie (D:7)
  17 rats
281 creatures vanquished.

Notes
Turn   | Place    | Note
-------+----------+-------------------------------------------
     0 | D:1      | Borgoz the Gargoyle Berserker began the quest for the Orb.
     0 | D:1      | Reached XP level 1. HP: 14/14 MP: 1/1
    83 | D:1      | Reached XP level 2. HP: 8/19 MP: 2/2
   392 | D:1      | Found an iron altar of Okawaru.
   407 | D:1      | Reached XP level 3. HP: 20/23 MP: 3/3
   411 | D:1      | Reached ** piety under Trog
   877 | D:2      | Reached XP level 4. HP: 15/29 MP: 4/4
  1597 | D:3      | Reached XP level 5. HP: 31/33 MP: 5/5
  1760 | D:3      | Found a glowing drain.
  1852 | Sewer    | Entered a sewer
  1938 | Sewer    | Noticed a big kobold
  1940 | Sewer    | Reached *** piety under Trog
  1964 | Sewer    | Killed a big kobold
  1964 | Sewer    | Reached XP level 6. HP: 22/39 MP: 6/6
  2152 | Sewer    | Reached skill level 5 in Fighting
  2152 | Sewer    | Reached XP level 7. HP: 44/44 MP: 7/7
  2376 | D:3      | Found a blossoming altar of Fedhas.
  2525 | D:3      | Noticed Sigmund
  2549 | D:3      | Killed Sigmund
  2549 | D:3      | Reached skill level 5 in Armour
  3137 | D:4      | Found a staircase to the Ecumenical Temple.
  3155 | D:4      | Reached XP level 8. HP: 51/51 MP: 8/8
  3187 | Temple   | Entered the Ecumenical Temple
  3409 | D:4      | Reached **** piety under Trog
  3419 | D:4      | Reached skill level 5 in Long Blades
  4431 | D:5      | Entered Level 5 of the Dungeon
  4433 | D:5      | Found an opulent altar of Gozag.
  4464 | D:5      | Reached XP level 9. HP: 56/56 MP: 9/9
  4528 | D:5      | Reached skill level 5 in Dodging
  4589 | D:5      | Found a bloodstained altar of Trog.
  5159 | D:5      | Found an ornate altar of the Wu Jian Council.
  5335 | D:6      | Noticed Eustachio
  5349 | D:6      | Killed Eustachio
  5466 | D:6      | Reached ***** piety under Trog
  5892 | D:6      | Found a burning altar of Makhleb.
  5985 | D:7      | Found a glowing golden altar of the Shining One.
  5985 | D:7      | Found a stormy altar of Qazlal.
  6070 | D:7      | Found a shadowy altar of Dithmenos.
  6152 | D:7      | Reached skill level 1 in Evocations
  6524 | D:7      | Reached XP level 10. HP: 51/64 MP: 8/11
  6812 | D:8      | Found Zeicvaoh's Food Shoppe.
  7057 | D:8      | Found Elaprif's Antique Armour Shop.
  7063 | D:8      | Bought a pair of glowing boots for 217 gold pieces
  7089 | D:8      | Found Vutaut's Antique Weapon Emporium.
  7096 | D:8      | Bought a glowing rapier for 182 gold pieces
  7113 | D:8      | Noticed Psyche
  7120 | D:8      | Killed Psyche
  7120 | D:8      | Received a gift from Trog
  7138 | D:8      | Noticed Prince Ribbit
  7142 | D:8      | Killed Prince Ribbit
  7270 | D:8      | Found Ditteny's Assorted Antiques.
  7440 | D:9      | Noticed a two-headed ogre
  7457 | D:8      | Killed a two-headed ogre
  7808 | D:9      | Reached XP level 11. HP: 71/71 MP: 14/14
  8094 | D:9      | Noticed a two-headed ogre
  8106 | D:9      | Killed a two-headed ogre
  8150 | D:9      | Noticed Maurice
  8183 | D:9      | Splashed by Maurice's acid

Skill      XL: |  1  2  3  4  5  6  7  8  9 10 11 |
---------------+----------------------------------+-----
Long Blades    | 3 4 5 6 7 8 |  8.1
Dodging        | 2 3 4 5 6 7 |  7.1
Armour         | 3 4 5 6 7 8 9 |  9.3
Fighting       | 4 5 6 8 9 |  9.7
Evocations     | 2 4 |  4.7

Action                   |  1- 3 |  4- 6 |  7- 9 | 10-12 || total
-------------------------+-------+-------+-------+-------++-------
Melee: Falchion          |   106 |   200 |   559 |       ||   865
       Great sword       |       |       |    27 |   315 ||   342
Invok: Berserk           |     1 |     3 |     7 |     2 ||    13
       Trog's Hand       |       |     2 |     2 |     3 ||     7
Evoke: Wand              |       |       |       |     2 ||     2
  Use: Scroll            |       |     4 |    18 |     3 ||    25
       Potion            |       |       |     2 |       ||     2
 Stab: Sleeping          |     2 |     1 |       |       ||     3
  Eat: Chunk             |     1 |     7 |    21 |     5 ||    34
       Ration            |       |       |     1 |     1 ||     2
Armor: Animal skin       |    61 |    32 |       |       ||    93
       Chain mail        |       |   128 |   405 |       ||   533
       Troll leather arm |       |       |       |   165 ||   165
       Plate armour      |       |       |       |    34 ||    34
Dodge: Dodged            |    92 |   156 |   378 |   451 ||  1077
Block: Other             |       |       |     1 |   160 ||   161
       Reflection        |       |       |       |     1 ||     1
       Rpst.: Falchion   |    34 |    44 |   120 |       ||   198
       Great sword       |       |       |     4 |   114 ||   118
